 Dungeon Sprint DCSS version 0.25.1-2-g60ff931df9 (webtiles) character file.

Game seed: 4941219400035103408

2374 Cadaver the Cleaver (level 9, -1/71 HPs)
             Began as a Mummy Fighter on Dec 8, 2020.
             Was an Initiate of Gozag.
             Slain by a death yak (9 damage)
             ... in the Dungeon (Sprint VII: "The Pits").
             The game lasted 00:09:44 (1934 turns).

Cadaver the Cleaver (Mummy Fighter)                 Turns: 1934, Time: 00:09:44

Health: -1/71      AC: 15    Str: 25    XL:     9   Next: 21%
Magic:  9/9        EV: 10    Int: 11    God:    Gozag
Gold:   194        SH: 11    Dex: 11    Spells: 8/8 levels left

rFire    x . .     SeeInvis .   a - +0 war axe
rCold    + . .     Gourm    .   c - +0 kite shield
rNeg     + + +     Faith    .   o - +4 scale mail
rPois    ∞         Spirit   .   m - +0 helmet
rElec    .         Reflect  .   n - +0 cloak
rCorr    .         Harm     .   (no gloves)
MR       +....     NoTele   +   (no boots)
Stlth    ..........             (no amulet)
HPRegen  0.21/turn              k - +3 ring of strength
MPRegen  0.11/turn              l - +3 ring of strength

@: flying, hasted, very quick
A: no food or potions, fire vulnerability, cold resistance 1, negative energy
resistance 3, torment resistance, unbreathing
a: Potion Petition, Call Merchant, Bribe Branch, Renounce Religion


You were in the Dungeon.
You worshipped Gozag.
Gozag was aware of your devotion.
You were not hungry.

You visited 1 branch You collected 2727 gold pieces.
You paid 2533 gold pieces to Gozag.

Inventory:

Hand Weapons
 a - a +0 war axe (weapon)
 j - a +0 mace of protection
 p - a +1 vorpal broad axe
 q - the +2 scimitar of Execution {elec, Int+2 Dex+4}
   (You found it in the Dungeon)

   Occasionally, upon striking a foe, it will discharge some electrical energy
   and cause terrible harm.
   It affects your intelligence (+2).
   It affects your dexterity (+4).
Missiles
 b - 10 stones (quivered)
Armour
 c - a +0 kite shield (worn)
 m - a +0 helmet (worn)
 n - a +0 cloak (worn)
 o - a +4 scale mail (worn)
Jewellery
 k - a +3 ring of strength (left hand)
 l - a +3 ring of strength (right hand)
Scrolls
 d - a scroll of blinking
 e - 3 scrolls of remove curse
 f - 5 scrolls of amnesia
 g - a scroll of summoning
 h - 2 scrolls of vulnerability


   Skills:
 + Level 6.6 Fighting
 * Level 12.5 Axes
 + Level 1.7 Throwing
 * Level 8.8 Armour
 + Level 3.3 Dodging
 + Level 7.3 Shields


You had 8 spell levels left.
You didn't know any spells.
Your spell library was empty.

Dungeon Overview and Level Annotations

Branches:
Dungeon (1/1)

Altars:
Ashenzari
Cheibriados
Dithmenos
Elyvilon
Fedhas
Gozag
Hepliaklqana
Kikubaaqudgha
Makhleb
Nemelex Xobeh
Okawaru
Qazlal
Ru
Sif Muna
Trog
Uskayaw
Vehumet
Wu Jian
Xom
Yredelemnul
Zin
The Shining One
Beogh
Jiyva
Lugonu

Shops:
D *


Innate Abilities, Weirdness & Mutations

You do not eat or drink.
Your flesh is vulnerable to fire.
You are immune to poison.
Your flesh is cold resistant. (rC+)
You are immune to negative energy. (rN+++)
You are immune to unholy pain and torment.
You can survive without breathing.


Message History

The death yak is severely wounded.
You block the death yak's attack.
You slash the death yak!
The death yak is severely wounded.
The death yak misses you.
You barely miss the death yak.
The death yak is severely wounded.
You hit the death yak.
The death yak is almost dead.
The ynoxinul disappears in a puff of smoke!
The ufetubus disappears in a puff of smoke!
The death yak gores you.
* * * LOW HITPOINT WARNING * * *
You hit the death yak but do no damage.
The death yak is almost dead.
You hit the death yak but do no damage.
The death yak is almost dead.
The death yak gores you!
You die...
Your body crumbles into a pile of gold.

############
#_________.#
#_________.#
#_______...#########
##########'##.......
#%.|!')))'.##......#
##########K##[......
#..@Yh55.KKK'.....∩.
#)#####K#####)..(Y.#
#.#...#.#!!##.......
#.#...#)#))#####(###
#.#...'.#))##.......
#.##'####).##.......
#)#.....#[.##.......
#.#.....#'###...<...
#.#.....[..##.......


You could see a death yak, a polar bear, a kobold demonologist, 2 big kobolds,
an iron imp (summoned), a white imp (summoned) and a kobold.

Vanquished Creatures
  A wizard (D)
  An elephant (D)
  A flying skull (D)
  A fire bat (D)
  A sky beast (D)
  6 wolves (D)
  2 centaurs (D)
  A big kobold (D)
  2 bullfrogs (D)
  A quasit (D)
  An iron imp (D)
  2 jellies (D)
  3 orc wizards (D)
  An iguana (D)
  A hell rat (D)
  A worker ant (D)
  A river rat (D)
  An ufetubus (D)
  An adder skeleton (D)
  A leopard gecko (D)
  6 orcs (D)
  A bat skeleton (D)
  A hobgoblin (D)
  A kobold (D)
  A bat (D)
  2 rats (D)
42 creatures vanquished.

Notes
Turn   | Place    | Note
-------+----------+-------------------------------------------
     0 | D        | Cadaver the Mummy Fighter began the quest for the Orb.
     0 | D        | Reached XP level 1. HP: 18/18 MP: 1/1
    35 | D        | Found a glowing golden altar of the Shining One.
    35 | D        | Found a glowing silver altar of Zin.
    35 | D        | Found a basalt altar of Yredelemnul.
    35 | D        | Found a shimmering altar of Xom.
    35 | D        | Found an ornate altar of the Wu Jian Council.
    35 | D        | Found a bloodstained altar of Trog.
    35 | D        | Found a shimmering blue altar of Sif Muna.
    35 | D        | Found a sacrificial altar of Ru.
    35 | D        | Found a stormy altar of Qazlal.
    35 | D        | Found an iron altar of Okawaru.
    35 | D        | Found a sparkling altar of Nemelex Xobeh.
    35 | D        | Found a burning altar of Makhleb.
    35 | D        | Found a viscous altar of Jiyva.
    35 | D        | Found a hazy altar of Hepliaklqana.
    35 | D        | Found an opulent altar of Gozag.
    35 | D        | Found a blossoming altar of Fedhas.
    35 | D        | Found a white marble altar of Elyvilon.
    35 | D        | Found a shadowy altar of Dithmenos.
    35 | D        | Found a snail-covered altar of Cheibriados.
    36 | D        | Found a radiant altar of Vehumet.
    36 | D        | Found a corrupted altar of Lugonu.
    36 | D        | Found a roughly hewn altar of Beogh.
    37 | D        | Found a hide-covered altar of Uskayaw.
    37 | D        | Found an ancient bone altar of Kikubaaqudgha.
    37 | D        | Found a shattered altar of Ashenzari.
    40 | D        | Became a worshipper of Gozag Ym Sagoz the Greedy
    92 | D        | Reached skill level 2 in Axes
   183 | D        | Reached XP level 2. HP: 18/24 MP: 2/2
   274 | D        | Reached skill level 3 in Axes
   274 | D        | Reached XP level 3. HP: 30/30 MP: 3/3
   409 | D        | Reached skill level 4 in Axes
   409 | D        | Reached XP level 4. HP: 37/37 MP: 4/4
   433 | D        | Reached skill level 5 in Axes
   433 | D        | Reached skill level 1 in Dodging
   471 | D        | Reached skill level 5 in Armour
   471 | D        | Reached XP level 5. HP: 28/43 MP: 5/5
   586 | D        | Noticed a flying skull
   597 | D        | Killed a flying skull
   597 | D        | Reached skill level 7 in Axes
   597 | D        | Reached XP level 6. HP: 42/49 MP: 6/6
   610 | D        | Noticed an elephant
   616 | D        | Killed an elephant
   616 | D        | Reached skill level 5 in Fighting
   616 | D        | Reached skill level 9 in Axes
   616 | D        | Reached skill level 1 in Throwing
   616 | D        | Reached skill level 5 in Shields
   616 | D        | Reached XP level 7. HP: 21/56 MP: 7/7
   819 | D        | Noticed a fire bat
   846 | D        | Killed a fire bat
   846 | D        | Reached skill level 10 in Axes
  1102 | D        | Reached XP level 8. HP: 26/63 MP: 8/8
  1143 | D        | HP: 3/64 [something/puff of flame (12)]
  1150 | D        | Reached skill level 11 in Axes
  1233 | D        | Got the +2 scimitar of Execution {elec, Int+2 Dex+4}
  1508 | D        | Noticed a wizard
  1579 | D        | Killed a wizard
  1579 | D        | Reached skill level 12 in Axes
  1579 | D        | Reached XP level 9. HP: 42/71 MP: 9/9
  1872 | D        | Noticed a polar bear
  1872 | D        | Noticed a kobold demonologist
  1872 | D        | Noticed a death yak
  1934 | D        | Slain by a death yak

Illustrated notes

Levels and vault maps discovered:
D:        pitsprint [storerooms_1, entrance_room_1, metal_vault_8, armoury_3,
          mini_pit_1, grid_room_1, main_hall_1, silver_pit, the_coven_1,
          the_vestibule_1, steel_vault_2, golden_pit, hallway_of_sentries,
          crystal_vault_2, iron_vault_1, final_vault]

Skill      XL: |  1  2  3  4  5  6  7  8 |
---------------+-------------------------+-----
Axes           | 2 3 4 5 7 9 10 12 | 12.5
Armour         | 3 4 5 6 7 8 |  8.8
Shields        | 3 4 5 7 |  7.3
Fighting       | 4 5 6 |  6.6
Dodging        | 1 2 3 |  3.3
Throwing       | 1 |  1.7

Action                   |  1- 3 |  4- 6 |  7- 9 || total
-------------------------+-------+-------+-------++-------
Melee: War axe           |    48 |    26 |   184 ||   258
Throw: Stone             |       |     3 |     3 ||     6
Invok: Potion Petition   |     1 |     1 |     4 ||     6
       Call Merchant     |       |       |     1 ||     1
 Stab: Sleeping          |     5 |     6 |       ||    11
       Invisible         |     3 |       |       ||     3
Armor: Scale mail        |    38 |    10 |    52 ||   100
Dodge: Dodged            |    27 |    11 |    54 ||    92
Block: Kite shield       |    35 |    17 |    83 ||   135
